 Dungeon Crawl Stone Soup version 0.26.1-11-gd32895ea62 (webtiles) character file.

Game seed: 7544772898552958641

77 Zeld the Twirler (level 4, -8/29 HPs)
             Began as an Octopode Gladiator on May 20, 2021.
             Mangled by an orc
             ... wielding a +0 mace
              (10 damage)
             ... on level 3 of the Dungeon.
             The game lasted 00:01:27 (2500 turns).

Zeld the Twirler (Octopode Gladiator)               Turns: 2500, Time: 00:01:27

Health: -8/29      AC:  1    Str: 13    XL:     4   Next: 33%
Magic:  4/4        EV: 14    Int: 10    God:
Gold:   117        SH:  0    Dex: 14    Spells: 3/3 levels left

rFire    . . .     SeeInvis .   a - +0 quarterstaff
rCold    . . .     Faith    .   (shield currently unavailable)
rNeg     . . .     Spirit   .   b - +0 hat
rPois    .         Reflect  .   (no amulet)
rElec    .         Harm     .   (no ring)
rCorr    .         Rampage  .   (no ring)
Will     .....                  (no ring)
Stlth    ++........             (no ring)
HPRegen  0.09/turn              (no ring)
MPRegen  0.09/turn              (no ring)
                                (no ring)
                                (no ring)

@: no status effects
A: almost no armour, stealthy swim, amphibious, 8 rings, constrict 8, camouflage
1, gelatinous body 1
a: no special abilities


You were on level 3 of the Dungeon.
You visited 1 branch of the dungeon, and saw 3 of its levels.

You collected 117 gold pieces.

Inventory:

Hand Weapons
 a - a +0 quarterstaff (weapon)
Missiles
 c - 3 throwing nets (quivered)
Armour
 b - a +0 hat (worn)
Scrolls
 d - a scroll of enchant weapon {unknown}
 e - 2 scrolls of remove curse {unknown}
 f - a scroll of blinking {unknown}
 g - 2 scrolls of identify {unknown}
 j - a scroll of random uselessness {unknown}
 l - 2 scrolls of fear {unknown}
Potions
 h - a potion of mutation {unknown}
 i - a potion of curing {unknown}
 k - a potion of flight {unknown}


   Skills:
 - Level 2.0 Fighting
 * Level 5.0 Staves
 - Level 2.0 Throwing
 - Level 3.0 Dodging


You had 3 spell levels left.
You didn't know any spells.
Your spell library was empty.

Dungeon Overview and Level Annotations

Branches:
Dungeon (3/15)

Altars:


Innate Abilities, Weirdness & Mutations

You cannot wear most types of armour.
You are very stealthy in the water. (Stealth+)
You are amphibious.
You can wear up to eight rings at the same time.
You can use your tentacles to constrict eight enemies at once.
Your skin changes colour to match your surroundings (Stealth+).
Your rubbery body absorbs attacks. (AC +1, EV +1)


Message History

A giant cockroach comes into view.
The orc priest shouts!
The orc shouts!
Found a scroll labelled EVAQAY JUEHUI.
There are monsters nearby!
The orc priest invokes the aid of Beogh against you.
Beogh smites you!
You hear an angry hiss.
An adder comes into view.
A rat comes into view.
An orc comes into view. It is wielding a +0 mace.
The orc priest calls down the wrath of Beogh upon you.
Beogh smites you!
Ouch! That really hurt!
* * * LOW HITPOINT WARNING * * *
The adder bites you but does no damage. The adder barely misses you.
The orc shouts!
There is a stone staircase leading up here.
The adder barely misses you. The orc hits you with a +0 mace!
You die...

.##....................
#.....................
#........####.........
##...o.o..# #.......## .#.....
#.........# #......... ....(..
##.........####.......# ......
............o.........# #.>...
..........r###.So....# #....
##########..#..#@##### #.... #
##.#r#..# #.... #....#.#######
##....
######............######....†
#####..........................#.
..........)...........######.#.#.
......####............# ##...†..
...>.....#....#.......# #.^.#<#.
.....###.#.#.##.......# #...#.##


You could see an orc priest, an adder and an orc.

Vanquished Creatures
  An adder (D:3)
  2 oozes
  A worm (D:2)
  2 dart slugs (D:1)
  5 orcs (D:3)
  6 giant cockroaches
  3 hobgoblins
  4 kobolds
  A quokka (D:3)
  4 bats
  6 frilled lizards
  7 goblins
  5 rats
47 creatures vanquished.

Notes
Turn   | Place    | Note
-------+----------+-------------------------------------------
     0 | D:1      | Zeld the Octopode Gladiator began the quest for the Orb.
     0 | D:1      | Reached XP level 1. HP: 14/14 MP: 1/1
   236 | D:1      | Reached XP level 2. HP: 7/19 MP: 2/2
  1446 | D:2      | Reached skill level 4 in Staves
  1524 | D:2      | Reached XP level 3. HP: 24/24 MP: 3/3
  2292 | D:3      | Reached XP level 4. HP: 29/29 MP: 4/4
  2396 | D:3      | Reached skill level 5 in Staves
  2500 | D:3      | Mangled by an orc

Illustrated notes

Levels and vault maps discovered:
D:1:      minmay_arrival_stair_chambers, layout_basic
D:2:      layout_basic, serial_bayou_pond_a
D:3:      layout_rooms, uniq_crazy_yiuf_cottage

Skill      XL: |  1  2  3  4 |
---------------+-------------+-----
Staves         | 4 5 |  5.0
Fighting       | |  2.0
Throwing       | |  2.0
Dodging        | |  3.0

Action                   |  1- 3 |  4- 6 || total
-------------------------+-------+-------++-------
Melee: Quarterstaff      |    75 |    12 ||    87
       Constrict         |    21 |     2 ||    23
       Tentacles         |    13 |     1 ||    14
 Stab: Sleeping          |    10 |     2 ||    12
Armor: Skin              |     7 |     1 ||     8
Dodge: Dodged            |    47 |     8 ||    55
